 Dungeon Crawl Stone Soup version 0.17-a0-1945-gfe993df (webtiles) character file.

679 esc the Insei (level 7, -2/46 HPs)
             Began as an Octopode Transmuter on Sept 30, 2015.
             Slain by an ogre
             ... wielding a +0 giant spiked club
              (29 damage)
             ... on level 5 of the Dungeon.
             The game lasted 00:09:02 (5300 turns).

esc the Insei (Octopode Transmuter)                 Turns: 5300, Time: 00:09:03

Health: -2/46      AC:  1    Str: 10    XL:     7   Next: 60%
Magic:  12/12      EV: 13    Int: 17    God:
Gold:   31         SH:  0    Dex: 12    Spells: 1 memorised, 12 levels left

rFire  + . .     SeeInvis .       - Unarmed
rCold  + . .     Clarity  .     (no shield)
rNeg   . . .     SustAt   .     (helmet restricted)
rPois  .         Gourm    .     z - amulet of faith {Faith, !P}
rElec  .         Spirit   .     n - ring of protection from cold {rC+, !d}
rCorr  .         Warding  .     v - ring of protection from fire {rF+, !d}
rMut   .         Stasis   .     (no ring)
MR     .....                    (no ring)
Stlth  ++........               (no ring)
                                (no ring)
                                (no ring)
                                (no ring)

@: appendage, not resistant to hostile enchantments, unstealthy
A: almost no armour, amphibious, 8 rings, constrict 8, tentacle spike 3,
camouflage 1, gelatinous body 1
a: End Transformation


You were on level 5 of the Dungeon.
You were hungry.
One of your tentacles had a temporary spike.
You visited 1 branch of the dungeon, and saw 5 of its levels.

You collected 211 gold pieces.
You spent 180 gold pieces at shops.

Inventory:

Missiles
 a - 44 arrows
 q - 13 poisoned arrows
 y - 16 poisoned needles
Jewellery
 d - an uncursed ring of teleportation {+/*tele, !d}
   (You found it on level 4 of the Dungeon)
 n - a ring of protection from cold (left tentacle) {rC+, !d}
   (You found it on level 2 of the Dungeon)
 u - an uncursed amulet of resist mutation {rMut, !d}
   (You found it on level 3 of the Dungeon)
 v - a ring of protection from fire (right tentacle) {rF+, !d}
   (You found it on level 3 of the Dungeon)
 z - an amulet of faith (around mantle) {Faith, !P}
   (You found it on level 5 of the Dungeon)
Scrolls
 e - 2 scrolls of remove curse
 k - 4 scrolls of enchant armour
 m - a scroll of teleportation
Potions
 g - a potion of flight {unknown}
 i - a potion of cure mutation {!q}
 j - a potion of lignification {!q}
 o - 2 potions of curing {unknown}
 p - a potion of degeneration {unknown}
 r - a potion of resistance {unknown}
 s - 2 potions of agility {unknown}
 t - a potion of haste {unknown}
 w - a potion of mutation {unknown}
 x - 2 potions of might
Books
 b - a book of Changes
Comestibles
 c - 4 bread rations {@e1}
 f - a slice of pizza
 h - 4 fruits
 l - 2 meat rations {@e2}
 A - 2 royal jellies


   Skills:
 + Level 3.4 Fighting
 + Level 3.9 Dodging
 + Level 4.8 Unarmed Combat
 + Level 3.8 Spellcasting
 + Level 3.9 Transmutations


You had 12 spell levels left.
You knew the following spells:

 Your Spells              Type           Power        Failure   Level  Hunger
a - Beastly Appendage     Trmt           ###...       3%          1    None


Dungeon Overview and Level Annotations

Branches:
Dungeon (5/15)
 Temple: D:4-7

Altars:
Kikubaaqudgha
Vehumet
Yredelemnul

Shops:
D:4 !}*!%


Innate Abilities, Weirdness & Mutations

You cannot wear most types of armour.
You are amphibious.
You can wear up to eight rings at the same time.
You can use your tentacles to constrict eight enemies at once.
Your skin changes colour to match your surroundings (Stealth).
Your rubbery body absorbs attacks (AC +1).
One of your tentacles bears a large vicious spike.


Message History

You feel sick.
The centaur shoots an arrow.
The arrow hits you!
* * * LOW HITPOINT WARNING * * *
You take 14 damage, and have 9/46 hp.
MASSIVE DAMAGE!!
Drink which item? (? for menu, Esc to quit)
You feel much better.
You feel sick. The orc completely misses you.
You regained 19 hp, and now have 28/46 hp.
You tentacle-slap the orc.
You kill the orc!
You feel sick.
The centaur shoots an arrow.
The arrow hits you!
The centaur shoots an arrow.
The arrow hits you!
* * * LOW HITPOINT WARNING * * *
You take 22 damage, and have 6/46 hp.
MASSIVE DAMAGE!!
* * * LOW HITPOINT WARNING * * *
You feel sick.
You take 1 damage, and have 5/46 hp.
Drink which item? (? for menu, Esc to quit)
You feel much better.
You feel sick. The orc misses you.
You regained 23 hp, and now have 28/46 hp.
You don't know that spell.
Drink which item? (? for menu, Esc to quit)
Really quaff
j - 2 potions of lignification {!q}?
Your tentacle spike disappears.
You turn into a tree.
Your roots penetrate the ground.
The orc hits you but does no damage.
You now have 42/69 hp.
You pummel the orc!!
You kill the orc!
You barely miss the centaur.
You feel sick.
The centaur unwields an uncursed shortbow.
The centaur hits you but does no damage.
You hit the centaur.
The centaur hits you but does no damage. x2
You hit the centaur but do no damage.
You feel sick. The centaur barely misses you.
You take 1 damage, and have 41/69 hp.
You smack the centaur!
The centaur hits you.
The centaur hits you but does no damage.
You take 5 damage, and have 36/69 hp.
You barely miss the centaur. The centaur completely misses you.
You barely miss the centaur.
You feel sick.
The centaur hits you but does no damage.
You smack the centaur!
The centaur hits you. The centaur hits you.
You take 7 damage, and have 29/69 hp.
You smack the centaur!
You kill the centaur!
You hit the orc. Your punch misses the orc.
You feel sick. The orc hits you but does no damage.
You take 1 damage, and have 28/69 hp.
You smack the orc!
You kill the orc!
You cannot move.
You start resting.
You feel sick. x3
You are no longer poisoned.
You start resting.
Your transformation is almost over.
You start resting.
You feel less woody.
You now have 20/46 hp.
You start resting.
You are feeling hungry.
You regained 15 hp, and now have 35/46 hp.
You start resting.
An ogre comes into view. It is wielding a giant spiked club.
You regained 3 hp, and now have 38/46 hp.
You now have enough gold to buy a scroll of identify on D:4, or buy a potion of curing on D:4.
You now have 31 gold pieces (gained 4).
f - a slice of pizza
z - a triangular platinum amulet Put on which piece of jewellery? (? for menu, Esc to quit)
You remove your amulet of resist mutation {rMut, !d}.
You feel a strange surge of divine interest.
z - an amulet of faith (around mantle)
You start resting.
You regained 4 hp, and now have 44/46 hp.
The ogre shouts!
Unknown command.
Wield which item (- for none, * to show all)? (? for menu, Esc to quit)
Okay, then.
Okay, then.
One of your tentacles grows a vicious spike.
You now have 11/12 mp.
You tentacle-slap the ogre.
You pierce the ogre.
The ogre hits you with a giant spiked club!!
You take 19 damage, and have 26/46 hp.
MASSIVE DAMAGE!!
You tentacle-slap the ogre.
Your tentacle spike misses the ogre.
The ogre misses you.
You tentacle-slap the ogre but do no damage.
You tentacle-slap the ogre. The ogre closely misses you.
MP restored: 12 You tentacle-slap the ogre.
Your squeeze misses the ogre. The ogre barely misses you.
You tentacle-slap the ogre but do no damage.
You barely miss the ogre.
The ogre hits you with a giant spiked club!!
Ouch! That really hurt!
You die...

....##.##..#(#.###########
#........()###.##
#.<#.####.## ##.## #....
...# ##.# #.##. ###.##
##.## # #. #..###.## #.
#.#.#.## .##.####O##.##
.......@.#### ###......#
########


You could see an ogre.

Vanquished Creatures
  A black bear (D:4)
  A sky beast (D:4)
  A centaur (D:5)
  2 scorpions (D:4)
  A hound (D:4)
  2 orc wizards
  A centaur skeleton (D:4)
  3 worker ants
  5 adders
  2 oozes
  2 worms
  3 orcs (D:5)
  A ball python (D:3)
  5 bats
  7 goblins
  5 hobgoblins
  5 kobolds
  A quokka (D:3)
  6 giant cockroaches
  5 giant geckos
  7 giant newts
  10 jackals
  A jackal skeleton (D:4)
  A quokka skeleton (D:4)
  6 rats
84 creatures vanquished.

Notes
Turn   | Place    | Note
--------------------------------------------------------------
     0 | D:1      | esc the Octopode Transmuter began the quest for the Orb.
     0 | D:1      | Reached XP level 1. HP: 13/13 MP: 3/3
   420 | D:1      | Reached XP level 2. HP: 13/18 MP: 5/5
  1297 | D:2      | Reached XP level 3. HP: 10/23 MP: 6/6
  1879 | D:2      | Found a basalt altar of Yredelemnul.
  1883 | D:2      | Found a radiant altar of Vehumet.
  1886 | D:2      | Found an ancient bone altar of Kikubaaqudgha.
  2714 | D:3      | Reached XP level 4. HP: 26/28 MP: 7/7
  3517 | D:3      | Reached skill level 2 in Fighting
  3517 | D:3      | Reached XP level 5. HP: 15/34 MP: 9/9
  3780 | D:4      | Reached skill level 3 in Spellcasting
  3804 | D:4      | HP: 8/34 [poisoned by a worker ant]
  3812 | D:4      | HP: 7/34 [poisoned by a worker ant]
  4061 | D:4      | Reached skill level 3 in Dodging
  4061 | D:4      | Reached skill level 4 in Unarmed Combat
  4061 | D:4      | Reached skill level 3 in Transmutations
  4061 | D:4      | Reached XP level 6. HP: 39/41 MP: 10/10
  4285 | D:4      | Found Gucaul's Food Shoppe.
  4309 | D:4      | Found Nimnint's Gadget Emporium.
  4310 | D:4      | Found Becwekoq's Distillery.
  4486 | D:4      | Bought 2 potions of might for 80 gold pieces
  4486 | D:4      | Bought a potion of heal wounds for 50 gold pieces
  4486 | D:4      | Bought a potion of heal wounds for 50 gold pieces
  4524 | D:4      | Found Enuir's General Store.
  4676 | D:4      | Found Oguep's Distillery.
  4696 | D:4      | Noticed a black bear
  4706 | D:4      | Killed a black bear
  4706 | D:4      | Reached skill level 3 in Fighting
  4706 | D:4      | Reached XP level 7. HP: 32/46 MP: 10/12
  4757 | D:4      | HP: 10/46 [sky beast (3)]
  5000 | D:5      | Entered Level 5 of the Dungeon
  5086 | D:5      | HP: 9/46 [centaur/arrow (13)]
  5300 | D:5      | Slain by an ogre

Vault maps used:
D:1:      tarquinn_simple_flora_water_b
D:2:      minmay_overflow_temple_star_quad, kennysheep_generic_room_7
D:4:      black_bear_nest_1, serial_shops, shop, shop, shop,
          kennysheep_mini_moat, nicolae_shop_statue_plus, first_bread
D:5:      hangedman_decor_clover_reticule, dk_vineyard_1, due_unseen_surprise

Action                   |  1- 3 |  4- 6 |  7- 9 || total
-------------------------+-------+-------+-------++-------
Melee: Unarmed           |   118 |    93 |    45 ||   256
 Cast: Beastly Appendage |     2 |     4 |     3 ||     9
  Use: Scroll            |     9 |     2 |       ||    11
       Potion            |       |     1 |     5 ||     6
 Stab: Sleeping          |     5 |     8 |       ||    13
  Eat: Chunk             |     6 |     3 |       ||     9
       Royal jelly       |       |     2 |       ||     2

Vault maps used:
D:1:      tarquinn_simple_flora_water_b
D:2:      minmay_overflow_temple_star_quad, kennysheep_generic_room_7
D:4:      black_bear_nest_1, serial_shops, shop, shop, shop,
          kennysheep_mini_moat, nicolae_shop_statue_plus, first_bread
D:5:      hangedman_decor_clover_reticule, dk_vineyard_1, due_unseen_surprise

Table legend:
 A = Turns spent in this place as a percentage of turns spent in the entire game.
 B = Non-inter-level travel turns spent in this place as a percentage of non-inter-level travel turns spent in the entire game.
 C = Inter-level travel turns spent in this place as a percentage of turns spent in this place.
 D = Turns resting spent in this place as a percentage of non-inter-level travel turns spent in this place.
 E = Turns spent auto-exploring this place as a percentage of non-inter-level travel turns spent in this place.
 F = Non-inter-level travel turns spent in this place divided by the number of levels of this place that you've seen.
                   A       B       C       D       E      F
               +-------+-------+-------+-------+-------+----------------------
         Total | 100.0 | 100.0 |   0.3 |   4.1 |   9.0 | 244.0
       Dungeon | 100.0 | 100.0 |   0.3 |   4.1 |   9.0 | 244.0
               +-------+-------+-------+-------+-------+----------------------

Table legend:
 A = Kills in this place as a percentage of kills in entire the game.
 B = Kills by you in this place as a percentage of kills by you in the entire game.
 C = Kills by friends in this place as a percentage of kills by friends in the entire game.
 D = Other kills in this place as a percentage of other kills in the entire game.
 E = Experience gained in this place as a percentage of experience gained in the entire game.
 F = Experience gained in this place divided by the number of levels of this place that you have seen.
                   A       B       C       D       E      F
               +-------+-------+-------+-------+-------+----------------------
         Total | 100.0 | 100.0 |  -nan |  -nan | 100.0 | 194.2
       Dungeon | 100.0 | 100.0 |  -nan |  -nan | 100.0 | 194.2
               +-------+-------+-------+-------+-------+----------------------
